 Dungeon Crawl Stone Soup version 0.32-a0-876-gcfddb08e57 (webtiles) character file.

Game seed: 11801820276793517121

98 Autsider the Magician (level 4, -4/24 HPs)
             Began as a Deep Elf Hedge Wizard on Mar 31, 2024.
             Slain by Crazy Yiuf
             ... wielding a +4 quarterstaff of chaos
              (8 damage)
             ... on level 2 of the Dungeon.
             The game lasted 00:06:21 (2642 turns).

Autsider the Magician (Deep Elf Hedge Wizard)       Turns: 2642, Time: 00:06:22

Health: -4/24      AC:  4    Str:  7    XL:     4   Next: 44%
Magic:  5/13       EV: 11    Int: 21    God:
Gold:   116        SH:  0    Dex: 14    Spells: 7/13 levels left

rFire   . . .        (no weapon)
rCold   . . .        (no shield)
rNeg    . . .        b - +0 robe
rPois   .            c - +1 hat
rElec   .            (no cloak)
rCorr   .            h - +0 pair of gloves
SInv    .            (no boots)
Will    .....        (no amulet)
Stlth   ++           (no ring)
HPRegen 0.24/turn    (no ring)
MPRegen 0.13/turn

%: no passive effects
@: slowed, very slow
A: no striking features
a: no special abilities


You were on level 2 of the Dungeon.
You visited 1 branch of the dungeon, and saw 2 of its levels.

You collected 116 gold pieces.

Inventory:

Armour
 b - a +0 robe (worn)
 c - a +1 hat (worn)
 h - a +0 pair of gloves (worn)
Scrolls
 a - a scroll of brand weapon {unknown}
 f - 3 scrolls of enchant armour
 i - a scroll of enchant weapon {unknown}
 j - a scroll of teleportation {unknown}
Potions
 d - a potion of magic
 e - a potion of might {unknown}
 g - a potion of heal wounds {unknown}


   Skills:
 - Level 2.4 Dodging
 - Level 2.4 Stealth
 + Level 5.1 Spellcasting
 * Level 3.2 Conjurations
 + Level 2.3 Summonings
 - Level 1.1 Translocations
 + Level 0.6 Air Magic
 + Level 0.8 Alchemy


You had 7 spell levels left.
You knew the following spells:

 Your Spells              Type           Power      Damage    Failure   Level
a - Magic Dart            Conj           76%        1d6       2%          1
b - Mephitic Cloud        Conj/Alch/Air  12%        N/A       17%         3
A - Call Imp              Summ           30%        N/A       6%          2

Your spell library contained the following spells:

 Spells                   Type           Power      Damage    Failure   Level
 Slow                     Hex            20%        N/A       11%         1
 Blink                    Tloc           20%        N/A       11%         2
 Cigotuvi's Dreadful Rot  Necr/Alch/Air  14%        N/A       13%         2


Dungeon Overview and Level Annotations

Branches:
Dungeon (2/15)

Altars:

Shops:
D:1 (

Annotations:
D:2 Crazy Yiuf


Message History

Crazy Yiuf is heavily wounded.
Your cerulean imp closely misses Crazy Yiuf.
Crazy Yiuf hits you with a +4 quarterstaff of chaos.
* * * LOW HITPOINT WARNING * * *
Casting: Magic Dart (safe; 2% risk of failure)
Confirm with . or Enter, or press ? or * to list all spells.
Aiming: Magic Dart (safe; 2% risk of failure)
Press: ? - help, Shift-Dir - straight line, f/p - Crazy Yiuf
Aim: Crazy Yiuf, wielding a +4 quarterstaff of chaos and wearing a +0 cloak (heavily wounded, ally target, 100% to hit)
The magic dart hits Crazy Yiuf.
Crazy Yiuf is heavily wounded.
Your cerulean imp hits Crazy Yiuf from afar with a -3 spear.
Crazy Yiuf barely misses you.
Casting: Magic Dart (safe; 2% risk of failure)
Confirm with . or Enter, or press ? or * to list all spells.
Aiming: Magic Dart (safe; 2% risk of failure)
Press: ? - help, Shift-Dir - straight line, f/p - Crazy Yiuf
Aim: Crazy Yiuf, wielding a +4 quarterstaff of chaos and wearing a +0 cloak (heavily wounded, ally target, 100% to hit)
The magic dart hits Crazy Yiuf.
Crazy Yiuf is severely wounded.
Your cerulean imp hits Crazy Yiuf but does no damage.
Crazy Yiuf hits you with a +4 quarterstaff of chaos!
Ouch! That really hurt!
* * * LOW HITPOINT WARNING * * *
You feel yourself slow down.
Your cerulean imp hits Crazy Yiuf with a -3 spear.
Crazy Yiuf hits your cerulean imp with a +4 quarterstaff of chaos.
Your cerulean imp convulses.
Your cerulean imp hits Crazy Yiuf but does no damage.
Crazy Yiuf hits your cerulean imp with a +4 quarterstaff of chaos!
Crazy Yiuf burns your cerulean imp.
Your cerulean imp dies!
Your cerulean imp disappears in a puff of smoke!
Crazy Yiuf yells, "Papa!"
Casting: Magic Dart (safe; 2% risk of failure)
Confirm with . or Enter, or press ? or * to list all spells.
A tiny devil pulls itself out of the air.
Crazy Yiuf cries, "Liver!"
Crazy Yiuf hits you with a +4 quarterstaff of chaos!
You die...

#.>..........#
####.#
##.###.#.##### #.#
#.# ##### #.## #.#
#..## #.# #.#.## #.#
### ####..#.## #.#
#)..### ##...).##.#
#.###
#...'.####5.....##.#
#...#
#...##g.#@..)..###.#
#..## ###
###g#...)###.##
#...# #########.##
###.## #..##
)....### ### ####
###.##.# #.####
#.##.# #....# #.##.#
#....# #.##.##
##...#


You could see Crazy Yiuf (ally target) and a friendly cerulean imp (summoned).

Vanquished Creatures
  A gnoll (D:1)
  3 adders (D:2)
  A dart slug (D:2)
  2 ribbon worms (D:2)
  2 ball pythons
  7 bats
  3 endoplasms
  5 giant cockroaches
  A goblin (D:1)
  4 hobgoblins
  2 jackals (D:1)
  4 quokkas
  6 frilled lizards
  7 kobolds
  3 rats
51 creatures vanquished.

Notes
Turn   | Place    | Note
-------+----------+-------------------------------------------
     0 | D:1      | Autsider the Deep Elf Hedge Wizard began the quest for the
                  | Orb.
     0 | D:1      | Reached XP level 1. HP: 10/10 MP: 7/7
   135 | D:1      | Found Kumeclal's Weapon Emporium.
   376 | D:1      | Reached XP level 2. HP: 15/15 MP: 5/9
   827 | D:1      | Reached XP level 3. HP: 19/19 MP: 2/11
  1322 | D:2      | Learned a level 2 spell: Call Imp
  1326 | D:2      | Learned a level 3 spell: Mephitic Cloud
  1613 | D:2      | Found a runed translucent door.
  1614 | D:2      | Noticed Crazy Yiuf
  1711 | D:2      | Reached skill level 5 in Spellcasting
  1865 | D:2      | Reached XP level 4. HP: 24/24 MP: 5/13
  2642 | D:2      | Slain by Crazy Yiuf

Illustrated notes

Levels and vault maps discovered:
D:1:      minmay_arrival_shoal_huts, layout_basic, serial_shops,
          nicolae_shop_statue_plus, minmay_misc_feat_tiny, minmay_door_square
D:2:      layout_loops_ring, uniq_crazy_yiuf_cottage

Skill      XL: |  1  2  3 |
---------------+----------+-----
Conjurations   | 2 3 |  3.2
Summonings     | 2 |  2.3
Spellcasting   | 5 |  5.1
Dodging        | |  2.4
Stealth        | |  2.4
Translocations | |  1.1
Air Magic      | |  0.6
Alchemy        | |  0.8

Action                     |  1- 3 |  4- 6 || total
---------------------------+-------+-------++-------
   Cast: Magic Dart        |   101 |    32 ||   133
         Call Imp          |     2 |     3 ||     5
    Use: Scroll            |     2 |       ||     2
 Armour: Robe              |     4 |     5 ||     9
  Dodge: Dodged            |    12 |     9 ||    21

Table legend: (Time is in decaauts)
 A = Elapsed time spent in this place.
 B = Non-inter-level travel time spent in this place.
 C = Inter-level travel time spent in this place.
 D = Time resting spent in this place.
 E = Time spent auto-exploring this place.
 F = Levels seen in this place.
 G = Mean time per level.
                   A        B        C        D        E       F      G
               +--------+--------+--------+--------+--------+-----+--------+
         Total |   2643 |   2607 |     36 |    406 |   1550 |   2 | 1321.5 |
       Dungeon |   2643 |   2607 |     36 |    406 |   1550 |   2 | 1321.5 |
               +--------+--------+--------+--------+--------+-----+--------+

Top non-repeatable levels by time:
     D:2: 1325 daAuts
     D:1: 1318 daAuts
